 Dungeon Crawl Stone Soup version 0.22.1-2-g9c5b331 (webtiles) character file.

108 magicm the Bolt Thrower (level 4, 0/38 HPs)
             Began as a Hill Orc Hunter on Nov 20, 2018.
             Was a Follower of Dithmenos.
             Slain by an orc
             ... wielding a +0 mace
              (3 damage)
             ... on level 3 of the Dungeon.
             The game lasted 00:05:53 (2037 turns).

magicm the Bolt Thrower (Hill Orc Hunter)           Turns: 2037, Time: 00:05:54

Health: 0/38       AC:  7    Str: 19    XL:     4   Next: 87%
Magic:  4/4        EV: 11    Int: 11    God:    Dithmenos [*.....]
Gold:   86         SH:  0    Dex: 12    Spells: 3/3 levels left

rFire    . . .     SeeInvis .   o - -1 war axe (curse)
rCold    . . .     Gourm    .   (no shield)
rNeg     . . .     Faith    .   g - +0 ring mail
rPois    .         Spirit   .   (no helmet)
rElec    .         Reflect  .   (no cloak)
rCorr    .         Harm     .   h - +1 pair of gloves
MR       +....                  (no boots)
Stlth    +.........             (no amulet)
HPRegen  0.12/turn              i - ring of protection from magic
MPRegen  0.09/turn              (no ring)

@: mighty, wreathed by umbra
A: no striking features
a: Renounce Religion


You were on level 3 of the Dungeon.
You worshipped Dithmenos.
Dithmenos was aware of your devotion.
You were not hungry.

You visited 1 branch of the dungeon, and saw 3 of its levels.

You collected 86 gold pieces.

Inventory:

Hand Weapons
 a - a +1 hand crossbow
 b - a +0 short sword
 o - a cursed -1 war axe (weapon)
Missiles
 d - 6 bolts
Armour
 g - a +0 ring mail (worn)
 h - a +1 pair of gloves (worn)
Jewellery
 i - a ring of protection from magic (left hand)
 m - an uncursed amulet of guardian spirit {unknown}
Wands
 n - a wand of clouds (8)
Scrolls
 l - a scroll of identify
Potions
 c - 2 potions of lignification {unknown}
 j - a potion of cancellation {unknown}
 k - a potion of brilliance {unknown}
Comestibles
 f - a ration


   Skills:
 + Level 3.4 Fighting
 + Level 1.2 Short Blades
 + Level 0.1 Axes
 + Level 4.7 Crossbows
 + Level 1.0 Armour
 + Level 1.6 Dodging
 + Level 0.7 Stealth


You had 3 spell levels left.
You didn't know any spells.
Your spell library was empty.

Dungeon Overview and Level Annotations

Branches:
Dungeon (3/15)

Altars:
Cheibriados
Dithmenos
Kikubaaqudgha
Okawaru
Yredelemnul
The Shining One


Message History

Dithmenos accepts your kill.
You are shrouded in an aura of darkness!
Your Armour skill increases to level 1!
The orc hits you but does no damage.
You closely miss the orc. The orc hits you with a dagger.
* * * LOW HITPOINT WARNING * * *
Okay, then.
You feel very mighty all of a sudden. The orc hits you but does no damage.
You slash the orc!
You kill the orc!
Dithmenos accepts your kill.
You barely miss the orc. The orc hits you but does no damage.
The orc hits you with a mace.
* * * LOW HITPOINT WARNING * * *
You closely miss the orc. The orc barely misses you.
You closely miss the orc. The orc completely misses you.
You closely miss the orc. The orc closely misses you.
You completely miss the orc. The orc hits you with a mace.
You die...

..########
...([(o@(#
#.######(#
#.# #.#
#.# #.#
#†# #.#
#.# ...
..#.# #.#
#.#.# #.#
#.#.#


You could see an orc.

Vanquished Creatures
  An orc wizard (D:3)
  3 adders (D:2)
  A worm (D:2)
  2 dart slugs
  2 leopard geckos
  4 orcs
  2 ball pythons
  A giant cockroach (D:3)
  4 goblins
  2 hobgoblins
  5 kobolds
  7 bats
  6 frilled lizards
  5 rats
45 creatures vanquished.

Notes
Turn   | Place    | Note
-------+----------+-------------------------------------------
     0 | D:1      | magicm the Hill Orc Hunter began the quest for the Orb.
     0 | D:1      | Reached XP level 1. HP: 18/18 MP: 1/1
   102 | D:1      | Reached skill level 4 in Crossbows
   102 | D:1      | Reached XP level 2. HP: 25/25 MP: 2/2
   709 | D:2      | Reached XP level 3. HP: 30/30 MP: 3/3
   753 | D:2      | Found a glowing golden altar of the Shining One.
   756 | D:2      | Found a shadowy altar of Dithmenos.
   760 | D:2      | Became a worshipper of Dithmenos the Shadowed
   766 | D:2      | Found a basalt altar of Yredelemnul.
   769 | D:2      | Found a snail-covered altar of Cheibriados.
  1061 | D:2      | Reached skill level 1 in Short Blades
  1349 | D:2      | Reached XP level 4. HP: 38/38 MP: 4/4
  1677 | D:2      | Found an iron altar of Okawaru.
  1708 | D:2      | Found an ancient bone altar of Kikubaaqudgha.
  2029 | D:3      | Reached * piety under Dithmenos
  2029 | D:3      | Reached skill level 1 in Armour
  2037 | D:3      | Slain by an orc

Skill      XL: |  1  2  3  4 |
---------------+-------------+-----
Crossbows      | 4 |  4.7
Fighting       | 3 |  3.4
Short Blades   | 1 |  1.2
Armour         | 1 |  1.0
Axes           | |  0.1
Dodging        | |  1.6
Stealth        | |  0.7

Action                   |  1- 3 |  4- 6 || total
-------------------------+-------+-------++-------
Melee: Short sword       |    39 |    34 ||    73
       War axe           |       |    11 ||    11
 Fire: Hand crossbow     |    74 |    20 ||    94
  Use: Scroll            |     3 |     1 ||     4
       Potion            |       |     1 ||     1
  Eat: Ration            |     1 |       ||     1
Armor: Ring mail         |    34 |    16 ||    50
Dodge: Dodged            |    29 |    22 ||    51
